 Dungeon Crawl Stone Soup version 0.31-a0-221-gbddc013574 (webtiles) character file.

Game seed: 13955029740473136844

39 qw the Shooter (level 3, -3/29 HPs)
             Began as a Minotaur Hexslinger on July 3, 2023.
             Slain by an orc wizard
             ... wielding a +0 dagger
              (4 damage)
             ... on level 2 of the Dungeon.
             The game lasted 00:00:26 (1092 turns).

qw the Shooter (Minotaur Hexslinger)                Turns: 1092, Time: 00:00:27

Health: -3/29      AC:  5    Str: 12    XL:     3   Next: 28%
Magic:  3/3        EV: 11    Int: 10    God:
Gold:   90         SH:  0    Dex: 14    Spells: 3/4 levels left

rFire   . . .        Y - +2 sling
rCold   . . .        (no shield)
rNeg    . . .        d - +0 ring mail
rPois   .            (helmet restricted)
rElec   .            (no cloak)
rCorr   .            (no gloves)
SInv    .            (no boots)
Will    .....        (no amulet)
Stlth   +            (no ring)
HPRegen 0.24/turn    (no ring)
MPRegen 0.08/turn

%: no passive effects
@: no status effects
A: horns 2, retaliatory headbutt
a: no special abilities


You were on level 2 of the Dungeon.
You visited 1 branch of the dungeon, and saw 3 of its levels.

You collected 90 gold pieces.


Innate Abilities, Weirdness & Mutations

You have a pair of horns on your head.
You reflexively headbutt those who attack you in melee.


   Skills:
 - Level 2.0 Fighting
 + Level 3.9 Ranged Weapons
 - Level 2.1 Dodging
 - Level 1.0 Spellcasting
 - Level 2.0 Hexes


You had 3 spell levels left.
You knew the following spells:

 Your Spells              Type           Power      Damage    Failure   Level
a - Slow                  Hex            16%        N/A       34%         1

Your spell library contained the following spells:

 Spells                   Type           Power      Damage    Failure   Level
 Inner Flame              Hex/Fire       2%         N/A       83%         3
 Portal Projectile        Hex/Tloc       4%         N/A       83%         3
 Cause Fear               Hex            2%         N/A       98%         4

Inventory:

Hand Weapons
 Y - a +2 sling (weapon)
Armour
 d - a +0 ring mail (worn)
Scrolls
 g - a scroll of identify
Potions
 a - a potion of curing {unknown}
 e - a potion of haste {unknown}
 f - a potion of cancellation {unknown}
 i - a potion of heal wounds {unknown}
 j - a potion of brilliance {unknown}

Dungeon Overview and Level Annotations

Branches:
Dungeon (3/15)

Altars:
Gozag


Message History

The giant cockroach misses you. The hobgoblin closely misses you.
The orc wizard casts a spell.
The orc wizard flickers and vanishes!
Deactivating autopickup; reactivate with Ctrl-A.
The giant cockroach bites you but does no damage.
The hobgoblin misses you. Something hits you.
You shoot a sling bullet.
The sling bullet hits the giant cockroach but does no damage.
The giant cockroach bites you but does no damage.
The hobgoblin hits you but does no damage.
Something hits you.
You shoot a sling bullet.
The sling bullet barely misses the giant cockroach.
The giant cockroach bites you but does no damage.
The hobgoblin closely misses you.
You hear some strange, mumbled words.
Something tries to affect you, but you resist.
The giant cockroach barely misses you.
You shoot a sling bullet.
The sling bullet hits the giant cockroach but does no damage.
Something hits you but does no damage. The hobgoblin barely misses you.
The giant cockroach bites you but does no damage.
Something hits you but does no damage. The hobgoblin barely misses you.
The giant cockroach bites you but does no damage.
You shoot a sling bullet.
The sling bullet barely misses the giant cockroach.
The giant cockroach barely misses you. The hobgoblin misses you.
You furiously retaliate!
You headbutt the hobgoblin!
You kill the hobgoblin!
Something hits you.
You shoot a sling bullet.
The sling bullet closely misses the giant cockroach.
The giant cockroach bites you. Something hits you but does no damage.
The giant cockroach barely misses you.
You shoot a sling bullet.
The sling bullet closely misses the giant cockroach.
Something hits you but does no damage.
The giant cockroach bites you but does no damage.
Something hits you.
You die...

#.###..### #.#
#....##
#.#####...#########
#.................#
#########..######.#
#.........#...##
#.###.....#....#
#.#....#%)####.#
#)#.##.)@B...#.#
#.#....#{###.#.#
#.#....#...#.#.#
#..<.....#.#...####
#####!...#.##.....#
#........#....###.#
###.#..###.####.....#
#.#...)....####.#####
#<########......._.#


You could see a giant cockroach.

Vanquished Creatures
  A dart slug (D:2)
  3 orcs
  6 ball pythons
  A bat (D:1)
  2 endoplasms (D:2)
  5 goblins
  2 hobgoblins
  3 kobolds
  A quokka (D:1)
  A frilled lizard (D:1)
  5 rats
30 creatures vanquished.

Notes
Turn   | Place    | Note
-------+----------+-------------------------------------------
     0 | D:1      | qw the Minotaur Hexslinger began the quest for the Orb.
     0 | D:1      | Reached XP level 1. HP: 16/16 MP: 1/1
     0 | D:1      | 0 ||| qw: Version: 0.3-a-40-ge99b1a8
     0 | D:1      | 0 ||| qw: Game counter: 518
     0 | D:1      | 0 ||| qw: Melee chars always use a shield: true
     0 | D:1      | 0 ||| qw: God list: Okawaru
     0 | D:1      | 0 ||| qw: Allow faded altars: false
     0 | D:1      | 0 ||| qw: Do Orc after clearing Dungeon:15 true
     0 | D:1      | 0 ||| qw: Do second Lair branch before Depths: true
     0 | D:1      | 0 ||| qw: Lair rune preference: random
     0 | D:1      | 0 ||| qw: Goals: Normal
     0 | D:1      | 0 ||| PLANNING D:1-11
    97 | D:1      | 97 ||| FLEEEEING.
   100 | D:1      | HP: 4/16 [kobold/+0 dagger (4)]
   105 | D:1      | HP: 4/16 [kobold/+0 dagger (2)]
   203 | D:1      | Reached skill level 3 in Ranged Weapons
   208 | D:1      | Reached XP level 2. HP: 23/23 MP: 2/2
   432 | D:1      | 432 ||| UPGRADING to +0 ring mail.
   442 | D:1      | 442 ||| DROPPING +0 robe.
   443 | D:1      | 443 ||| READING scroll labelled RYADADITAL.
   444 | D:1      | 444 ||| READING scroll labelled MEFECVYQAZ.
   445 | D:1      | 445 ||| READING scroll labelled IQAEKU TYPPA.
   489 | D:1      | 489 ||| DROPPING scroll of poison.
   518 | D:2      | Found a faded altar of an unknown god.
   589 | D:2      | Found an opulent altar of Gozag.
   767 | D:2      | Reached XP level 3. HP: 29/29 MP: 3/3
  1018 | D:2      | 1018 ||| DROPPING scarf of harm.
  1019 | D:2      | 1019 ||| READING 2 scrolls labelled ZOPLIG HO DAODAIN.
  1020 | D:2      | 1020 ||| READING scroll labelled JUUSUA VENGIGA.
  1021 | D:2      | 1021 ||| DRINKING 2 murky yellow potions.
  1063 | D:2      | 1063 ||| DROPPING scroll of fear.
  1064 | D:2      | 1064 ||| DROPPING potion of lignification.
  1074 | D:3      | 1074 ||| STAIRDANCE
  1076 | D:3      | 1076 ||| STAIRDANCE
  1080 | D:3      | 1080 ||| STAIRDANCE
  1086 | D:2      | HP: 6/29 [something (3)]
  1090 | D:2      | HP: 2/29 [something (3)]
  1092 | D:2      | Slain by an orc wizard

Levels and vault maps discovered:
D:1:      matt_arrival_refuge, layout_rooms
D:2:      layout_basic, basic_altar, basic_ecumenical_altar
D:3:      layout_rooms, nzn_overflow_gifts_of_might_and_magic,
          minmay_fractal_squares_gapless_5, uniq_jessica

Skill      XL: |  1  2 |
---------------+-------+-----
Ranged Weapons | 3 |  3.9
Fighting       | 2 |  2.0
Dodging        | |  2.1
Spellcasting   | |  1.0
Hexes          | |  2.0

Action                     || total
---------------------------++-------
   Fire: Sling             ||    77
    Use: Scroll            ||     5
         Potion            ||     1
 Armour: Robe              ||     1
         Ring mail         ||    25
  Dodge: Dodged            ||    43

Table legend:
 A = Non-vault XP
 B = Vault XP
 C = Vault XP percentage of total XP
 D = Non-vault monster count
 E = Vault monster count
 F = Vault count percentage of total count
                 A         B        C        D         E       F
            +---------+---------+-------+---------+---------+-------
      Total |      57 |       0 |   0.0 |      30 |       0 |   0.0
            +---------+---------+-------+---------+---------+-------
        D:1 |      22 |       0 |   0.0 |      14 |       0 |   0.0
        D:2 |      32 |       0 |   0.0 |      15 |       0 |   0.0
        D:3 |       3 |       0 |   0.0 |       1 |       0 |   0.0
            +---------+---------+-------+---------+---------+-------
